 Dungeon Crawl Stone Soup version 0.31-a0-1338-gb567cfdca4 (webtiles) character file.

Game seed: 2437905010898955836

721 LeprechaunX the Changeling (level 7, -4/69 HPs)
             Began as an Octopode Shapeshifter on Dec 22, 2023.
             Slain by an ogre
             ... wielding a +0 giant club
              (10 damage)
             ... on level 5 of the Dungeon.
             The game lasted 00:03:25 (3857 turns).

LeprechaunX the Changeling (Octopode Shapeshifter)  Turns: 3857, Time: 00:03:25

Health: -4/69      AC: 23    Str: 14    XL:     7   Next: 71%
Magic:  7/7        EV:  2    Int: 12    God:
Gold:   180        SH:  8    Dex: 13    Spells: 6/6 levels left

rFire   . .          .
                       - Unarmed
rCold   . . .        i - +0 kite shield
rNeg    . . .        (helmet currently unavailable)
rPois   +            (no amulet)
rElec   .            e - +5 ring of evasion
rCorr   .            t - ring of flight
SInv    .            (no ring)
Will    .....        (no ring)
Stlth   +            (no ring)
HPRegen 0.31/turn    (no ring)
MPRegen 0.10/turn    (no ring)
                     (no ring)

%: no passive effects
@: tree-form
A: stationary, stasis, torment immunity, boosted hp, almost no armour,
(amphibious), 8 rings, (camouflage 1), (gelatinous body 1), (nimble swimmer 1),
(tentacles)
a: no special abilities


You were on level 5 of the Dungeon.
You were a tree.
You visited 1 branch of the dungeon, and saw 5 of its levels.

You collected 180 gold pieces.

Inventory:

Hand Weapons
 n - a +0 sling
Missiles
 u - 3 boomerangs
Armour
 i - a +0 kite shield (worn)
Jewellery
 e - a +5 ring of evasion (left branch)
 t - a ring of flight (right branch)
Talismans
 b - a beast talisman
 c - a flux talisman
Wands
 q - a wand of polymorph (9)
Scrolls
 d - a scroll of immolation {unknown}
 j - a scroll of teleportation {unknown}
 k - 2 scrolls of identify {unknown}
 l - 2 scrolls of butterflies {unknown}
 p - a scroll of blinking {unknown}
 r - a scroll of amnesia {unknown}
 x - a scroll of vulnerability {unknown}
Potions
 a - 2 potions of lignification
 f - a potion of invisibility {unknown}
 g - a potion of brilliance {unknown}
 h - a potion of berserk rage {unknown}
 m - a potion of attraction {unknown}
 o - 4 potions of curing {unknown}
 s - a potion of mutation {unknown}
 v - a potion of resistance {unknown}
 w - a potion of heal wounds {unknown}


   Skills:
 + Level 3.3 Fighting
 + Level 1.6 Throwing
 - Level 2.0 Dodging
 + Level 3.0 Shields
 + Level 4.4 Unarmed Combat
 + Level 2.5 Evocations
 * Level 5.3 Shapeshifting


You had 6 spell levels left.
You didn't know any spells.
Your spell library contained the following spells:

 Spells                   Type           Power      Damage    Failure   Level
 Dazzling Flash           Conj/Hex       0%         N/A       97%         3
 Mephitic Cloud           Conj/Alch/Air  0%         N/A       97%         3
 Agony                    Necr           0%         N/A       100%        5
 Silence                  Hex/Air        0%         N/A       100%        5


Dungeon Overview and Level Annotations

Branches:
Dungeon (5/15)
 Temple: D:4-7

Altars:
Okawaru
Xom

Shops:
D:3 *


Innate Abilities, Weirdness & Mutations

You are a tree.
Your roots penetrate the ground, keeping you stationary.
You cannot be teleported.
You are immune to unholy pain and torment.
Your maximum health is greatly increased.
You cannot wear most types of armour.
((You are amphibious.))
You can wear up to eight rings at the same time.
((Your skin changes colour to match your surroundings (Stealth+).))
((Your rubbery body absorbs attacks. (AC +1, EV +1)))
((You are camouflaged when in or above water. (Stealth+)))
((You have tentacles for arms and can constrict up to eight enemies at once.))


Message History

You constrict the orc.
You feel very sick. The orc completely misses you.
Unknown command.
You tentacle-slap the ogre.
The ogre is lightly wounded.
You constrict the orc, but do no damage.
You feel sick. The ogre completely misses you. You block the orc's attack.
Unknown command.
You tentacle-slap the ogre.
The ogre is lightly wounded.
You constrict the orc.
You kill the orc!
You feel sick.
Unknown command.
You feel sick.
You bludgeon the ogre!
The ogre is moderately wounded.
You feel sick. You block the ogre's attack.
Unknown command.
You feel sick. The ogre attacks as it pursues you! You block the ogre's attack.
Your transformation has ended.
You turn into a tree.
Your roots penetrate the ground.
You feel sick. You block the ogre's attack. The ogre completely misses you.
You hit the ogre. You punch the ogre.
The ogre is moderately wounded.
You feel sick. The ogre hits you but does no damage.
You hit the ogre.
The ogre is moderately wounded.
You feel sick.
You are no longer poisoned.
The ogre hits you with a +0 giant spiked club!!
* * * LOW HITPOINT WARNING * * *
You hit the ogre.
The ogre is moderately wounded.
The ogre completely misses you. You block the ogre's attack.
You hit the ogre.
The ogre is heavily wounded.
The ogre hits you with a +0 giant club!
You die...

#....####....#
#....#.......######
#..)....###.......# #
#.......# #.......# #
#####...###†......###
+...<................
####..............###
#..............# #
#♣......######## #
#OO......##....# #
#....$...##.##.# #
#..)........##.#..# #
...............##.#..# #
...............##.#.####
.........########.......
.........# #.....#....#
.........# #.#.######.#


You could see 2 ogres.

Vanquished Creatures
  Sigmund (D:3)
  2 black bears (D:4)
  Blork the orc (D:5)
  2 hounds
  Natasha (thrice) (D:2)
  12 adders
  A white imp (D:5)
  A bombardier beetle (D:4)
  2 worms
  A dart slug (D:3)
  6 orcs
  9 endoplasms
  4 giant cockroaches
  6 goblins
  3 hobgoblins (D:4)
  5 kobolds
  A quokka (D:2)
  4 ball pythons
  4 bats
  3 frilled lizards
  7 rats
78 creatures vanquished.

Notes
Turn   | Place    | Note
-------+----------+-------------------------------------------
     0 | D:1      | LeprechaunX the Octopode Shapeshifter began the quest for
                  | the Orb.
     0 | D:1      | Reached XP level 1. HP: 13/13 MP: 1/1
   417 | D:1      | Reached XP level 2. HP: 18/18 MP: 2/2
   749 | D:2      | Noticed Natasha
   759 | D:2      | Killed Natasha
   760 | D:2      | Reached XP level 3. HP: 23/23 MP: 3/3
   894 | D:2      | Reached skill level 1 in Shields
   955 | D:2      | Reached XP level 4. HP: 29/29 MP: 4/4
  1038 | D:2      | Found a faded altar of an unknown god.
  1171 | D:2      | Noticed Natasha
  1182 | D:2      | Killed Natasha
  1211 | D:2      | Noticed Natasha
  1234 | D:2      | Killed Natasha
  1235 | D:2      | Reached skill level 4 in Shapeshifting
  1309 | D:2      | Reached XP level 5. HP: 33/34 MP: 5/5
  2188 | D:3      | Found Oneyne's General Store.
  2429 | D:3      | Noticed Sigmund
  2437 | D:3      | Killed Sigmund
  2438 | D:3      | Reached skill level 1 in Evocations
  2438 | D:3      | Reached XP level 6. HP: 33/41 MP: 6/6
  2746 | D:4      | Noticed a black bear
  2755 | D:4      | Killed a black bear
  2756 | D:4      | Reached XP level 7. HP: 46/46 MP: 7/7
  2800 | D:4      | Reached skill level 5 in Shapeshifting
  2954 | D:4      | Found an iron altar of Okawaru.
  2976 | D:4      | Reached skill level 1 in Throwing
  3117 | D:4      | Found a shimmering altar of Xom.
  3636 | D:5      | Entered Level 5 of the Dungeon
  3827 | D:5      | Noticed Blork the orc
  3835 | D:5      | Killed Blork the orc
  3857 | D:5      | Slain by an ogre

Illustrated notes

Levels and vault maps discovered:
D:1:      dpeg_arrival_stone_temple_mockup, layout_basic
D:2:      layout_basic, chequers_ecumenical_altar_lobes, columned_hall_lemuel,
          uniq_natasha
D:3:      cheibrodos_helix_gallery, layout_loops_corners, serial_shops,
          nicolae_shop_tiny_statue_garden, serial_glass, glass_columns_a,
          glass_columns_c, uniq_sigmund
D:4:      layout_basic, mainiacjoe_overflow_paths, lemuel_round_altar
D:5:      layout_basic, uniq_blork_the_orc

Skill      XL: |  1  2  3  4  5  6  7 |
---------------+----------------------+-----
Shields        | 1 2 3 |  3.0
Fighting       | 2 3 |  3.3
Shapeshifting  | 4 5 |  5.3
Unarmed Combat | 4 |  4.4
Evocations     | 1 2 |  2.5
Throwing       | 1 |  1.6
Dodging        | |  2.0

Action                     |  1- 3 |  4- 6 |  7- 9 || total
---------------------------+-------+-------+-------++-------
  Melee: Unarmed           |    43 |    86 |    48 ||   177
         Tentacles         |    10 |    17 |    14 ||    41
         Punch             |     1 |     1 |     1 ||     3
         Constrict         |     6 |    20 |    11 ||    37
    Use: Potion            |       |       |     1 ||     1
   Stab: Sleeping          |     4 |     9 |     3 ||    16
         Distracted        |     1 |       |       ||     1
 Armour: Skin              |     7 |    19 |    11 ||    37
  Dodge: Dodged            |    28 |    51 |    15 ||    94
  Block: Kite shield       |    11 |    28 |    22 ||    61

Table legend: (Time is in decaauts)
 A = Elapsed time spent in this place.
 B = Non-inter-level travel time spent in this place.
 C = Inter-level travel time spent in this place.
 D = Time resting spent in this place.
 E = Time spent auto-exploring this place.
 F = Levels seen in this place.
 G = Mean time per level.
                   A        B        C        D        E       F      G
               +--------+--------+--------+--------+--------+-----+--------+
         Total |   3874 |   3643 |    231 |     61 |   3023 |   5 |  774.8 |
       Dungeon |   3874 |   3643 |    231 |     61 |   3023 |   5 |  774.8 |
               +--------+--------+--------+--------+--------+-----+--------+

Top non-repeatable levels by time:
     D:2: 1045 daAuts
     D:3: 970 daAuts
     D:4: 928 daAuts
     D:1: 707 daAuts
     D:5: 222 daAuts
